 Dungeon Crawl Stone Soup version 0.13.0-3-g966e3ec (webtiles) character file.

90 Malachi the Grave Robber (level 3, -1/28 HPs)
             Began as a Deep Dwarf Necromancer on Oct 13, 2013.
             Slain by a sky beast (3 damage)
             ... on Level 5 of the Dungeon.
             The game lasted 00:04:25 (1190 turns).

Malachi the Grave Robber (Deep Dwarf Necromancer)   Turns: 1190, Time: 00:04:26

HP  -1/28        AC  2     Str 16      XL: 3   Next: 50%
MP   0/6         EV 12     Int 16      God:
Gold 42          SH  0     Dex 13      Spells:  2 memorised,  1 level left

Res.Fire  : . . .   See Invis. : .   (no weapon)
Res.Cold  : . . .   Warding    : .   a - +0 robe
Life Prot.: . . .   Conserve   : .   (no shield)
Res.Poison: +       Res.Corr.  : .   (no helmet)
Res.Elec. : .       Clarity    : .   (no cloak)
Sust.Abil.: . .     Spirit.Shd : .   (no gloves)
Res.Mut.  : .       Stasis     : .   (no boots)
Res.Rott. : .       Flight     : .   (no amulet)
Saprovore : . . .                    (no ring)
                                     e - ring of poison resistance {unknown}

@: non-regenerating, mighty, very slightly contaminated, hasted, very quick,
slightly resistant to hostile enchantments, fairly stealthy
A: damage resistance, recharge devices, sense surroundings 1, slow healing 3
a: Device Recharging


You were on level 5 of the Dungeon.
You were very hungry.

You visited 1 branch of the dungeon, and saw 5 of its levels.

You collected 22 gold pieces.

Inventory:

Armour
 a - a +0 robe (worn)
Magical devices
 c - a wand of heal wounds (5)
Comestibles
 d - a bread ration
 k - a banana
 m - an orange
 o - a pear
Scrolls
 f - a scroll of curse armour {unknown}
 h - 2 scrolls of identify {unknown}
 l - a scroll of curse jewellery {unknown}
 n - a scroll of amnesia {unknown}
 p - a scroll of enchant armour {unknown}
 q - a scroll of fear {unknown}
Jewellery
 e - a ring of poison resistance (left hand) {unknown}
 g - an uncursed amulet of guardian spirit
Books
 b - a book of Necromancy

   Spells                             Type                      Level
   *Pain                              Necromancy                   1
   Animate Skeleton                   Necromancy                   1
   Lethal Infusion                    Charms/Necromancy            2
   *Vampiric Draining                 Necromancy                   3
   Regeneration                       Charms/Necromancy            3
   Animate Dead                       Necromancy                   4
   Control Undead                     Necromancy                   4


   Skills:
 + Level 2.3 Dodging
 + Level 2.4 Stealth
 + Level 1.7 Spellcasting
 + Level 5.3 Necromancy


You had one spell level left.
You knew the following spells:

 Your Spells              Type           Power        Failure   Level  Hunger
a - Pain                  Necr           ###.         2%          1    ##.....
b - Vampiric Draining     Necr           ###.......   10%         3    ####...


Dungeon Overview and Level Annotations

Branches:
Dungeon (5/27)
 Temple: D:4-7

Altars:
Yredelemnul


Innate Abilities, Weirdness & Mutations

You are resistant to damage.
You can recharge devices by infusing magical energy.
You passively map a small area around you.
You do not heal naturally.


Message History

You are very lightly contaminated with residual magic.
Drink which item? (? for menu, Esc to quit)
You feel better.
It was a potion of curing.
It barely misses you.
You punch it! You closely miss it. It hits you. It shocks you!
* * * LOW HITPOINT WARNING * * *
You closely miss it. It hits you.
* * * LOW HITPOINT WARNING * * *
It shocks you.
* * * LOW HITPOINT WARNING * * *
Casting: Vampiric Draining
Confirm with . or Enter, or press ? or * to list all spells.
You can't see any susceptible monsters within range! (Use Z to cast anyway.)
Casting: Vampiric Draining
Confirm with . or Enter, or press ? or * to list all spells.
Aiming: Pain
Press: ? - help, Shift-Dir - straight line Nothing appears to happen.
You miss it. It hits you.
You die...

, s.. *#.# , #####.#
* #...#.# * #...#.# *
####$...# #...#.####
* ......#.#
#........# ...##.#.#
#........# *
........# ##....@..#
* ,, ...P.P..#
#####.####, ,
...._...# #.....{..#
...P.P..#
#.###.##.#,* *
.#......###.###.##.#
...>....I...........,
,
.#..#.#.###.######.#
, +#....#....... ,* *
........###.###


There were no monsters in sight!

Vanquished Creatures
  2 adders (D:3)
  A giant mite (D:3)
  A giant gecko (D:4)
  3 orcs (D:3)
  A ball python (D:4)
  A bat (D:3)
  2 goblins (D:3)
  2 hobgoblins
  A quokka (D:4)
  A giant cockroach (D:2)
  2 giant newts
  2 kobolds
  2 rats
21 creatures vanquished.

Notes
Turn   | Place    | Note
--------------------------------------------------------------
     0 | D:1      | Malachi, the Deep Dwarf Necromancer, began the quest for the Orb.
     0 | D:1      | Reached XP level 1. HP: 15/15 MP: 3/3
   339 | D:3      | Reached XP level 2. HP: 16/22 MP: 0/4
   512 | D:3      | Reached skill level 5 in Necromancy
   620 | D:3      | Reached XP level 3. HP: 12/28 MP: 0/6
   625 | D:3      | Learned a level 3 spell: Vampiric Draining
  1004 | D:5      | Entered Level 5 of the Dungeon
  1149 | D:5      | Found a basalt altar of Yredelemnul.
  1157 | D:5      | Noticed a sky beast
  1190 | D:5      | Slain by a sky beast

Action                   || total
-------------------------++-------
Melee: Unarmed           ||    22
 Cast: Pain              ||    33
       Vampiric Draining ||    10
  Use: Potion            ||     4
